AoeStats
← ITA | Raffy

Coastal Forest

503180868Analyzed
4v4 RM · 1mo ago on Aug 30, 2026· 54m 1s· 8 players
Game mode
Random Map
Map size
Large (8 player)
Population
200
Speed
Normal
Resources
Standard
Victory
Conquest
Starting age
Dark Age
Ending age
Imperial Age
RankedLock teamsTeams togetherTeam positionsShared explorationLock speedFull tech treeHidden civsTurbo modeCheats
Victory
Defeat
🇨🇱 Lithuanians · Chile
1445
+13
🇨🇳 Mapuche · China
1422
+14
🇺🇸 Berbers · United States
1390
+16
🇭🇰 Franks · Hong Kong SAR China
1380
+16
🇹🇷 Teutons · Türkiye
1397
-15
🇨🇳 Persians · China
1391
-15
🇲🇽 Ethiopians · Mexico
1381
-15
🇮🇹 Magyars · Italy
1380
-15
FINDIK
10:40 Feudal Age
11:00 Loom
16:25 Castle Age
14:36 Double-Bit Axe
19:12 Bow Saw
21:50 Wheelbarrow
21:03 Town Watch
21:24 Horse Collar
23:32 Hand Cart
24:01 Gold Mining
25:44 Stone Mining
27:47 Stone Shaft Mining
30:36 Imperial Age
28:56 Town Patrol
29:05 Guard Tower
30:56 Fletching
31:30 Ballistics
31:21 Masonry
32:00 Bodkin Arrow
32:06 Padded Archer Armor
33:08 Chemistry
32:43 Keep
32:28 Heavy Plow
33:36 Scale Barding Armor
33:41 Forging
32:56 Cavalier
33:46 Bloodlines
34:42 Conscription
34:46 Chain Barding Armor
35:03 Bombard Tower
35:58 Iron Casting
35:55 Paladin
37:12 Plate Barding Armor
38:01 Keep
41:28 Blast Furnace
41:36 Crop Rotation
41:29 Arrowslits
Seifer
4:34 Loom
8:50 Feudal Age
9:25 Double-Bit Axe
9:33 Town Watch
12:44 Fletching
13:16 Gold Mining
24:52 Castle Age
23:07 Horse Collar
25:15 Wheelbarrow
25:50 Bow Saw
25:02 Crossbowman
25:39 Bodkin Arrow
26:25 Gold Shaft Mining
26:06 Heavy Plow
29:56 Ballistics
31:40 Thumb Ring
31:38 Padded Archer Armor
ITA | Raffy
5:21 Loom
8:28 Feudal Age
9:14 Double-Bit Axe
17:23 Fletching
21:18 Wheelbarrow
24:13 Castle Age
23:26 Gold Mining
23:52 Padded Archer Armor
24:32 Bloodlines
24:57 Bodkin Arrow
24:30 Crossbowman
26:55 Ballistics
28:19 Husbandry
30:39 Horse Collar
SunnY
5:51 Loom
10:39 Feudal Age
11:07 Double-Bit Axe
13:56 Wheelbarrow
18:44 Castle Age
17:13 Gold Mining
17:06 Horse Collar
17:40 Forging
19:07 Bloodlines
18:45 Light Cavalry
19:29 Husbandry
20:35 Town Watch
23:42 Hand Cart
26:45 Demolition Ship
32:59 Imperial Age
31:20 Gold Shaft Mining
31:31 Scale Barding Armor
33:38 Chain Barding Armor
33:20 Cavalier
34:39 Iron Casting
35:19 Plate Barding Armor
35:48 Conscription
35:58 Savar
36:35 Heavy Camel Rider
37:27 Fletching
38:38 Blast Furnace
40:29 Bodkin Arrow
41:44 Padded Archer Armor
41:44 Scale Mail Armor
47:16 Heavy Plow
47:27 Bow Saw
47:09 Stone Mining
N3mu
10:18 Feudal Age
11:53 Loom
14:37 Castle Age
12:49 Double-Bit Axe
13:29 Horse Collar
13:41 Gold Mining
15:35 Medium Warships
16:52 Bow Saw
31:02 Imperial Age
29:03 Fletching
30:38 Ballistics
30:14 Bodkin Arrow
30:52 Padded Archer Armor
32:10 Bracer
34:03 Conscription
34:51 Hoardings
35:23 Gold Shaft Mining
35:25 Wheelbarrow
34:52 Husbandry
35:58 Chemistry
35:38 Leather Archer Armor
34:58 Elite Camel Archer
36:47 Heavy Plow
36:55 Maghrebi Camels
36:50 Town Watch
37:51 Ring Archer Armor
38:55 Hand Cart
38:54 Town Patrol
38:38 Treadmill Crane
39:09 Masonry
39:04 Kasbah
40:07 Hoardings
47:00 Scale Barding Armor
47:06 Forging
47:07 Bloodlines
46:19 Heavy Camel Rider
48:01 Crop Rotation
47:59 Siege Engineers
48:27 Light Cavalry
49:29 Chain Barding Armor
49:45 Iron Casting
49:13 Hussar
50:52 Thumb Ring
52:06 Murder Holes
六百公斤大肥豬
11:32 Feudal Age
12:27 Double-Bit Axe
15:05 Castle Age
16:18 Bow Saw
18:09 Loom
23:33 Gold Mining
25:55 Gold Shaft Mining
29:08 Imperial Age
27:17 Scale Barding Armor
28:26 Chain Barding Armor
28:23 Husbandry
29:41 Forging
29:10 Cavalier
30:47 Plate Barding Armor
31:51 Forging
32:42 Gold Shaft Mining
34:50 Wheelbarrow
34:25 Paladin
35:51 Iron Casting
35:43 Town Watch
36:14 Hand Cart
37:32 Blast Furnace
36:45 Town Patrol
39:29 Caravan
43:48 Coinage
45:52 Banking
51:48 Chemistry
50:53 Siege Engineers
CeCa_Galvarino012
6:37 Loom
8:56 Feudal Age
9:23 Man-at-Arms
13:02 Double-Bit Axe
19:07 Fletching
24:14 Horse Collar
27:20 Castle Age
25:57 Gold Mining
26:09 Padded Archer Armor
27:03 Horse Collar
28:03 Bodkin Arrow
27:44 Crossbowman
32:21 Wheelbarrow
34:46 Ballistics
38:39 Treadmill Crane
41:26 Heavy Plow
41:41 Bow Saw
41:35 Heavy Plow
44:32 Stone Mining
45:03 Town Watch
45:44 Hand Cart
47:49 Leather Archer Armor
48:33 Coinage
48:04 Caravan
51:10 Imperial Age
49:21 Stone Shaft Mining
49:24 Murder Holes
50:16 Masonry
49:34 Pikeman
50:32 Scale Mail Armor
50:43 Forging
50:55 Squires
51:34 Chain Mail Armor
52:54 Chemistry
52:27 Architecture
51:23 Halberdier
52:42 Iron Casting
52:09 Bracer
52:39 Ring Archer Armor
54:10 Two-Man Saw
54:32 Tower Shields
54:53 Conscription
Yuzu
9:15 Loom
11:22 Feudal Age
15:10 Castle Age
14:25 Forging
16:37 Iron Casting
18:34 Double-Bit Axe
22:43 Bow Saw
22:42 Horse Collar
25:09 Wheelbarrow
26:49 Heavy Plow
29:31 Hand Cart
29:29 Herbal Medicine
30:47 Gold Mining
30:47 Stone Mining
32:42 Gold Shaft Mining
32:43 Stone Shaft Mining
32:25 Town Watch
36:27 Imperial Age
34:06 Fletching
35:13 Ballistics
35:52 Bodkin Arrow
35:58 Padded Archer Armor
36:05 Malon
36:44 Treadmill Crane
38:29 Chemistry
37:41 Masonry
36:55 Elite Bolas Rider
37:59 Conscription
37:46 Butalmapu
38:26 Leather Archer Armor
39:12 Blast Furnace
39:04 Crop Rotation
39:08 Architecture
39:40 Ring Archer Armor
40:34 Elite Kona
41:50 Hoardings
40:46 Sappers
41:24 Siege Engineers
41:42 Bombard Tower
41:19 Murder Holes
42:29 Onager
44:13 Arrowslits
46:04 Capped Ram
50:14 Coinage
49:45 Caravan
Connection lost

Rejoining the realm…

Still unreachable

The connection could not be restored.

Session expired

The server has moved on; the page needs a fresh start.